 Dungeon Crawl Stone Soup version 0.29.1-15-g9cfb28693d (webtiles) character file.

Game seed: 15163694101405375720

6435 Smoke131 the Covert (level 10, -2/61 HPs)
             Began as a Vampire Enchanter on Feb 21, 2023.
             Was a Priest of Makhleb.
             Slain by a boulder beetle (10 damage)
             ... on level 1 of the Lair of Beasts on Feb 22, 2023.
             The game lasted 00:36:24 (11232 turns).

Smoke131 the Covert (Vampire Enchanter)            Turns: 11232, Time: 00:36:25

Health: -2/61      AC: 15    Str: 13    XL:     10   Next: 67%
Magic:  9/17       EV: 17    Int: 22    God:    Makhleb [***...]
Gold:   660        SH:  0    Dex: 18    Spells: 6/19 levels left

rFire   + . .      SeeInvis +   w - +6 short sword (protect)
rCold   + + .      Faith    .   (no shield)
rNeg    + + +      Spirit   .   D - +5 robe "Etry" {rPois rN+ Int+3}
rPois   ∞          Reflect  .   (no helmet)
rElec   .          Harm     .   (no cloak)
rCorr   .          Rampage  .   M - +0 pair of gloves {hurl}
Will    +....                   (no boots)
Stlth   +++++++...              u - amulet of regeneration
HPRegen 0.00/turn               J - +6 ring of strength
MPRegen 0.15/turn               K - ring of protection from fire

@: under a protective aura, bloodless, inhibited regen
A: bloodless, fangs 3, see invisible, vampiric 2
a: Bat Form, Revivify, Renounce Religion, Minor Destruction, Lesser Servant of
Makhleb


You were on level 1 of the Lair of Beasts.
You worshipped Makhleb.
Makhleb was most pleased with you.
You visited 3 branches of the dungeon, and saw 12 of its levels.
You also visited: Ossuary.

You collected 684 gold pieces.
You spent 24 gold pieces at shops.

Inventory:

Hand Weapons
 h - a +4 short sword of electrocution
 v - a +2 short sword of venom
 w - a +6 short sword of protection (weapon)
Armour
 s - the +0 leather armour "Qonoacwa" {rF+ Dex+2}
   (You found it on level 6 of the Dungeon)

   Dex:       It affects your dexterity (+2).
   rF:        It protects you from fire.
 D - the +5 robe "Etry" (worn) {rPois rN+ Int+3}
   (You found it on level 9 of the Dungeon)

   Int:       It affects your intelligence (+3).
   rPois:     It protects you from poison.
   rN:        It protects you from negative energy.
 M - a +0 pair of gloves of hurling (worn)
Jewellery
 u - an amulet of regeneration (around neck)
 x - the amulet "Ubynexze" {Acrobat Contam rElec rN+}
   (You took it off a centaur on level 7 of the Dungeon)

   [amulet of the acrobat]

   It increases your evasion while moving and waiting.
   rElec:     It insulates you from electricity.
   rN:        It protects you from negative energy.
   Contam:    It causes magical contamination when unequipped.
 F - an amulet of magic regeneration
 H - a ring of fire
 J - a +6 ring of strength (left hand)
 K - a ring of protection from fire (right hand)
Wands
 g - a wand of mindburst (11)
 A - a wand of polymorph (8)
 B - a wand of paralysis (6)
 E - a wand of flame (6)
Scrolls
 d - 3 scrolls of magic mapping
 e - 3 scrolls of torment
 n - 5 scrolls of teleportation
 q - a scroll of fear
 r - 2 scrolls of enchant weapon
 y - a scroll of poison {unknown}
 C - 3 scrolls of identify
 G - a scroll of amnesia
 L - a scroll of enchant armour
Potions
 c - 2 potions of invisibility
 f - 4 potions of lignification
 i - a potion of berserk rage {unknown}
 j - 4 potions of cancellation {unknown}
 k - 3 potions of brilliance
 l - 7 potions of curing
 m - 2 potions of might {unknown}
 o - 3 potions of ambrosia {unknown}
 t - 5 potions of mutation {unknown}
 z - a potion of heal wounds
 I - 3 potions of attraction {unknown}


   Skills:
 + Level 6.4 Fighting
 - Level 1.1 Short Blades
 + Level 8.0 Dodging
 - Level 10.0 Stealth
 - Level 5.0 Spellcasting
 - Level 10.0 Hexes
 + Level 6.6 Ice Magic
 + Level 4.1 Invocations


You had 6 spell levels left.
You knew the following spells:

 Your Spells              Type           Power      Damage    Failure   Level
a - Ensorcelled Hibernat  Hex/Ice        84%        N/A       1%          2
b - Confusing Touch       Hex            49%        N/A       1%          3
c - Tukima's Dance        Hex            49%        N/A       1%          3
d - Dazzling Flash        Conj/Hex       54%        N/A       3%          3
k - Blink                 Tloc           10%        N/A       16%         2

Your spell library contained the following spells:

 Spells                   Type           Power      Damage    Failure   Level
 Magic Dart               Conj           20%        1d4       10%         1
 Fulminant Prism          Conj/Hex       13%        3d9       13%         4
 Searing Ray              Conj           10%        2d4       16%         2
 Summon Lightning Spire   Summ/Air       5%         N/A       69%         4
 Manifold Assault         Tloc           5%         N/A       95%         5
 Summon Forest            Summ/Tloc      2%         N/A       95%         5
 Eringya's Noxious Bog    Tmut/Pois      2%         N/A       100%        6
 Storm Form               Tmut/Air       2%         N/A       100%        7
 Summon Hydra             Summ           2%         N/A       100%        7
 Maxwell's Capacitive Co  Air            2%         ∞         100%        8


Dungeon Overview and Level Annotations

Branches:
Dungeon (10/15)            Temple (1/1) D:4            Lair (1/5) D:8
    Orc (0/2) D:9         Ossuary (visited)

Altars:
Ashenzari
Cheibriados
Dithmenos
Fedhas
Hepliaklqana
Kikubaaqudgha
Makhleb
Nemelex Xobeh
Okawaru
Qazlal
Ru
Sif Muna
Trog
Uskayaw
Vehumet
Wu Jian
Xom
Yredelemnul

Shops:
D:5 *   D:7 (   D:10 [


Innate Abilities, Weirdness & Mutations

You do not regenerate when monsters are visible.
You are frail without blood (-20% HP).
You can heal yourself when you bite living creatures.
You are immune to poison.
You have razor-sharp teeth.
You have supernaturally acute eyesight. (SInv)
You are afflicted with vampirism and can become a bat while bloodless.


Message History

You hit the boulder beetle but do no damage.
The boulder beetle appears confused.
The boulder beetle is heavily wounded.
The boulder beetle bites you!!
* * * LOW HITPOINT WARNING * * *
The boulder beetle bites itself but does no damage.
You hit the boulder beetle.
You bite the boulder beetle, but do no damage.
The boulder beetle is heavily wounded.
You barely miss the boulder beetle. You bite the boulder beetle.
The boulder beetle is severely wounded.
You hit the boulder beetle but do no damage.
The boulder beetle is severely wounded.
You completely miss the boulder beetle.
The boulder beetle is severely wounded.
You strike the helpless boulder beetle from behind!
You puncture the boulder beetle!
The boulder beetle is severely wounded.
The boulder beetle completely misses you.
You hit the boulder beetle but do no damage.
The boulder beetle is severely wounded.
The boulder beetle bites you but does no damage.
You hit the boulder beetle but do no damage.
You bite the boulder beetle, but do no damage.
The boulder beetle is severely wounded.
You hit the boulder beetle but do no damage.
The boulder beetle is severely wounded.
The boulder beetle barely misses you.
You catch the helpless boulder beetle completely off-guard!
You puncture the boulder beetle!
The boulder beetle is almost dead.
You catch the helpless boulder beetle completely off-guard!
You hit the boulder beetle.
You bite the boulder beetle, but do no damage.
The boulder beetle is almost dead.
The boulder beetle completely misses you.
You puncture the boulder beetle!
The boulder beetle is almost dead.
The boulder beetle bites you!
You die...

#........#.....##..
#...P..........##..
#........#.....##..
#...#...........###
#....##.##.....####
#.......)..........
#..................
#..................
#.@................
#.B...............†
#.#..##...##.......
#.#####.###P..##P.P
#. #......##..+....
#. #......##..#....
#. #......##..#....
#. #......##.PP....
#.##......##.PP....


You could see a boulder beetle (confused).

Vanquished Creatures
  Erica (D:8)
  An orc knight (D:10)
  2 cane toads (Lair:1)
  A vampire (D:10)
  2 wyverns
  2 steam dragons (D:8)
  A water moccasin (Lair:1)
  A sky beast (D:8)
  An ice beast (D:6)
  4 orc warriors
  4 black bears
  3 centaurs
  An ogre (D:6)
  A phantom (D:4)
  2 kobold brigands
  7 bullfrogs
  3 necrophages
  2 scorpions
  4 water moccasin zombies (Ossuary)
  6 wights
  5 howler monkeys
  2 electric eels (D:8)
  3 hounds
  5 jellies
  7 orc priests
  4 iguanas (D:6)
  6 orc wizards
  A hound skeleton (D:5)
  3 mummies
  Robin (D:2)
  5 gnolls
  5 adders
  4 white imps
  An ufetubus (D:5)
  3 adder zombies (Ossuary)
  2 worms (D:2)
  4 dart slugs
  41 orcs
  5 bats
  9 endoplasms
  2 giant cockroaches
  5 gnoll zombies (Ossuary)
  14 goblins
  11 hobgoblins
  4 jackals
  15 kobolds
  A quokka (D:3)
  5 ball pythons
  4 frilled lizards
  A goblin zombie (D:5)
  6 hobgoblin zombies (Ossuary)
  A kobold zombie (Ossuary)
  5 orc zombies (Ossuary)
  A quokka zombie (D:5)
  7 rats
247 creatures vanquished.

Vanquished Creatures (others)
  12 fungi
  12 plants
24 creatures vanquished.

Grand Total: 271 creatures vanquished

Notes
Turn   | Place    | Note
-------+----------+-------------------------------------------
     0 | D:1      | Smoke131 the Vampire Enchanter began the quest for the Orb.
     0 | D:1      | Reached XP level 1. HP: 13/13 MP: 3/3
   233 | D:1      | Reached XP level 2. HP: 20/20 MP: 5/5
   236 | D:1      | Learned a level 2 spell: Ensorcelled Hibernation
   530 | D:1      | You fall into a shaft and drop 1 floor!
   537 | D:2      | Found a faded altar of an unknown god.
   915 | D:1      | Gained mutation: You are afflicted with vampirism and can
                  | become a bat while bloodless. [Vampire growth]
   915 | D:1      | Reached XP level 3. HP: 25/25 MP: 6/6
   919 | D:1      | Learned a level 3 spell: Confusing Touch
  1486 | D:2      | Reached skill level 1 in Fighting
  1516 | D:2      | Reached skill level 5 in Stealth
  1568 | D:2      | Reached skill level 5 in Hexes
  1783 | D:2      | Noticed Robin
  1888 | D:2      | Reached XP level 4. HP: 27/32 MP: 7/7
  1896 | D:2      | Killed Robin
  2299 | D:3      | Learned a level 3 spell: Tukima's Dance
  3282 | D:4      | Noticed a phantom
  3453 | D:4      | Noticed a black bear
  3459 | D:4      | Killed a black bear
  3460 | D:4      | Reached skill level 1 in Ice Magic
  3460 | D:4      | Reached XP level 5. HP: 30/30 MP: 5/9
  3598 | D:4      | Killed a phantom
  3599 | D:4      | Reached XP level 6. HP: 33/35 MP: 6/10
  3657 | D:4      | Found a staircase to the Ecumenical Temple.
  3667 | Temple   | Entered the Ecumenical Temple
  3695 | D:4      | Found a radiant altar of Vehumet.
  3832 | D:4      | Found a stormy altar of Qazlal.
  4103 | D:5      | Entered Level 5 of the Dungeon
  4158 | D:5      | Found an iron altar of Okawaru.
  4208 | D:5      | Found Iseax's General Store.
  4271 | D:5      | Reached XP level 7. HP: 24/40 MP: 2/12
  4304 | D:5      | Found a sand-covered staircase.
  4325 | Ossuary  | Entered an ossuary
  4860 | Ossuary  | Learned a level 3 spell: Dazzling Flash
  5225 | D:5      | Found a burning altar of Makhleb.
  5234 | D:5      | Became a worshipper of Makhleb the Destroyer
  5310 | D:5      | Bought a scroll of identify for 24 gold pieces
  5620 | D:5      | Found a blossoming altar of Fedhas.
  5620 | D:5      | Found a faded altar of an unknown god.
  5626 | D:5      | Found a hide-covered altar of Uskayaw.
  5628 | D:5      | Found a sacrificial altar of Ru.
  5629 | D:5      | Found a faded altar of an unknown god.
  5668 | D:5      | Reached XP level 8. HP: 46/46 MP: 12/14
  6145 | D:6      | Found an ancient bone altar of Kikubaaqudgha.
  6702 | D:6      | Found an ornate altar of the Wu Jian Council.
  6702 | D:6      | Found a broken altar of Ashenzari.
  7109 | D:6      | Found a hazy altar of Hepliaklqana.
  7163 | D:6      | Reached skill level 5 in Dodging
  7273 | D:6      | Identified the +0 leather armour "Qonoacwa" {rF+ Dex+2}
  7299 | D:6      | Found a sparkling altar of Nemelex Xobeh.
  7909 | D:7      | Found Setyun's Weapon Shop.
  7923 | D:7      | Reached * piety under Makhleb
  8131 | D:7      | Reached XP level 9. HP: 52/52 MP: 13/16
  8213 | D:7      | Identified the amulet "Ubynexze" {Acrobat Contam rElec rN+}
  8316 | D:7      | Found a shadowy altar of Dithmenos.
  8570 | D:8      | Reached skill level 5 in Spellcasting
  8631 | D:8      | Reached ** piety under Makhleb
  8639 | D:8      | Found a shimmering altar of Xom.
  8733 | D:8      | Found a shimmering altar of Xom.
  8733 | D:8      | Noticed Erica
  8776 | D:8      | Found a shimmering altar of Xom.
  8792 | D:8      | Killed Erica
  8793 | D:8      | Reached skill level 5 in Fighting
  8793 | D:8      | Reached skill level 10 in Stealth
  8793 | D:8      | Reached skill level 5 in Ice Magic
  8793 | D:8      | Reached skill level 1 in Invocations
  9196 | D:8      | Found a shimmering altar of Xom.
  9300 | D:8      | Found a staircase to the Lair.
  9307 | D:8      | Reached XP level 10. HP: 53/59 MP: 12/17
  9381 | D:8      | Found a bloodstained altar of Trog.
  9389 | D:8      | Learned a level 2 spell: Blink
  9664 | D:9      | Found a staircase to the Orcish Mines.
  9815 | D:9      | Found a basalt altar of Yredelemnul.
  9887 | D:9      | Identified the +5 robe "Etry" {rPois rN+ Int+3}
  9947 | D:9      | Reached skill level 10 in Hexes
 10259 | D:9      | Found a snail-covered altar of Cheibriados.
 10407 | D:9      | Found a shimmering blue altar of Sif Muna.
 10546 | D:10     | Entered Level 10 of the Dungeon
 10546 | D:10     | Found Wicod's Armour Emporium.
 10736 | D:10     | Noticed an orc knight
 10766 | D:10     | Killed an orc knight
 10807 | D:10     | Noticed a wizard
 10807 | D:10     | Noticed a tengu warrior
 10910 | Lair:1   | Entered Level 1 of the Lair of Beasts
 10964 | Lair:1   | Noticed a cane toad
 10971 | Lair:1   | Killed a cane toad
 11011 | Lair:1   | Identified the +3 ring mail of Dogma {+Inv Regen+ Int-2
                  | Stlth-}
 11024 | Lair:1   | Noticed a cane toad
 11029 | Lair:1   | Killed a cane toad
 11029 | Lair:1   | Reached *** piety under Makhleb
 11047 | Lair:1   | Noticed a cane toad
 11193 | Lair:1   | Noticed a boulder beetle
 11232 | Lair:1   | Slain by a boulder beetle

Illustrated notes

Levels and vault maps discovered:
D:1:      minmay_arrival_doors, layout_basic, serial_forest,
          infiniplex_forest_clump_tiny, infiniplex_forest_straight_2,
          infiniplex_forest_zigzag_2, infiniplex_forest_clump_medium,
          infiniplex_forest_lined_2, infiniplex_forest_lined_2,
          infiniplex_forest_end_2, infiniplex_forest_split, minmay_bisected
D:2:      layout_rooms, ebering_ecumenical_altar_box, uniq_robin
D:3:      layout_basic
D:4:      minmay_inner_zag, layout_rooms, good_gods_temple_1,
          kennysheep_mini_moat, nicolae_qazlal_eye_of_the_storm, temple_hall
D:5:      layout_rooms, okawaru_altar_gauntlet_db, makhleb_blood_cavern_becter,
          chequers_temple_overflow_minitemple, serial_shops, shop,
          enter_ossuary_4, minmay_misc_feat_tiny, grunt_decor_junction
D:6:      layout_loops_corners, mainiacjoe_overflow_brackets,
          mainiacjoe_overflow_alcove_1, nemelex_xobeh_ov_fountains_minmay,
          amethyst_overflow_temple_binary, nrook_loot_triangle, st_stairs_14,
          abandoned_shop
D:7:      layout_rooms, general_overflow_altar, serial_shops,
          nicolae_shop_competitors_out_of_business, serial_curves,
          eino_curves_03, eino_curves_04
D:8:      layout_basic, xom_redecorated, trog_book,
          grunt_lair_entry_orc_guard_hut, serial_bayou, serial_bayou_pond_d,
          serial_bayou_pond_e, serial_bayou_shore_b, serial_bayou_pond_d,
          kennysheep_generic_room_7, uniq_erica
D:9:      layout_loops_ring, mainiacjoe_overflow_paths, tgw_sif, slow_altar_2,
          kennysheep_generic_room_15
D:10:     minmay_the_grid_four_pointed_star [minmay_the_grid_triangle_9x9_sprig,
          minmay_the_grid_triangle_9x9_swiss_cheese,
          minmay_the_grid_triangle_9x9_corruption,
          minmay_the_grid_triangle_9x9_steps,
          minmay_the_grid_prize_four_corners_diamond_b], layout_cave_pools,
          nicolae_gozag_seed_capital, serial_shops, shop, shop,
          kennysheep_little_box, minmay_misc_feat_ornament
Temple:   ebering_the_none_and_only
Lair:1:   layout_regular_city, minmay_shattered_shrine

Skill      XL: |  1  2  3  4  5  6  7  8  9 10 |
---------------+-------------------------------+-----
Fighting       | 1 2 3 4 5 6 |  6.4
Stealth        | 5 6 7 8 10 | 10.0
Hexes          | 5 6 7 8 9 10 | 10.0
Dodging        | 3 4 5 6 8 |  8.0
Ice Magic      | 1 2 3 4 5 6 |  6.6
Spellcasting   | 3 4 5 |  5.0
Invocations    | 2 4 |  4.1
Short Blades   | |  1.1

Action                   |  1- 3 |  4- 6 |  7- 9 | 10-12 || total
-------------------------+-------+-------+-------+-------++-------
Melee: Dagger            |    63 |       |       |       ||    63
       Bite              |     8 |     5 |    37 |    18 ||    68
       Punch             |     2 |     1 |     6 |       ||     9
       Short sword       |    73 |    64 |   303 |   103 ||   543
 Cast: Ensorcelled Hiber |     1 |    14 |    52 |    19 ||    86
       Confusing Touch   |       |     2 |    11 |     7 ||    20
 Abil: Exsanguinate      |       |     1 |       |       ||     1
  Use: Scroll            |       |    16 |     1 |     1 ||    18
       Potion            |       |     2 |       |     1 ||     3
 Stab: Sleeping          |    12 |    22 |    57 |    26 ||   117
       Distracted        |     1 |       |     1 |       ||     2
       Confused          |       |     2 |     6 |     7 ||    15
       Invisible         |       |       |     4 |     1 ||     5
Armor: Robe              |    33 |    14 |    11 |    10 ||    68
       Leather armour    |       |       |    29 |       ||    29
Dodge: Dodged            |   112 |    39 |   162 |    47 ||   360
